asldbnknsd, neutral female scurrid Tourist ----- +..@| |..Z| |...| |...| ....| --.-- asldbnknsd the Rambler Experience level: 1 Strength: 13 Dexterity: 13 Constitution: 13 Intelligence: 13 Wisdom: 8 Charisma: 14 Health: 0(11) Energy: 2(2) Def: 0 Gold: 874 Moves: 89 Dungeon seed: 8zbFll636sZbHy6F Game ID: asldbnknsd_1528521613 Your Inventory: Coins $ - 874 gold pieces Weapons a - 45 uncursed +2 darts (in quiver) Armor e - an uncursed +0 Hawaiian shirt (being worn) Comestibles c - an uncursed chestnut d - an uncursed sprig of wolfsbane f - an uncursed clove of garlic g - an uncursed tin of kobold meat h - an uncursed lembas wafer i - 3 uncursed tripe rations Scrolls k - 3 uncursed scrolls of magic mapping l - a blessed scroll of magic mapping Potions j - an uncursed potion of extra healing Wands o - an uncursed wand of secret door detection (0:12) Tools m - an uncursed expensive camera (0:58) n - an uncursed credit card p - an uncursed towel Spells and supernatural/magical abilities: Name Level Category Fail Memory W - pray for help -- divine ? -- Your skills at the end: Miscellaneous Skills wands [Basic] Weapon Skills dart [Basic] Spellcasting Skills Final Attributes: You were devoutly aligned. Your writing paw was cramped from overuse. You had infravision. You were very stealthy. You are dead. Vanquished creatures: a giant rat a newt 2 creatures vanquished. Voluntary challenges: You went without food. You did not adorn yourself with jewelry or accessories. You did not cause conflict. You were not invisible. You did not have reflection. You were not displaced. You were an atheist. You never hit with a wielded weapon. You were a pacifist. You did not use containers. You did not apply a unicorn horn. You did not use plumbed fixtures. You read items or engraved 3 times, starting on turn 60. You never genocided any monsters. You never polymorphed an object. You never changed form. You used no wishes. You never split a pudding. You wrote Elbereth's name 3 times, starting on turn 60. You never violated your personal moral code. Dungeon overview: The Dungeons of Doom: levels 1 to 14 Level 1 a fountain a long staircase Level 2 Level 3 Level 4 Level 5 Level 6 Level 7 Level 8 Level 9 Level 10 Level 11 Level 12 Level 13 Level 14 <- You were here History has recorded: On T:1 you entered the Dungeons of Doom to retrieve the Amulet of Yendor! On T:13 you reached level 2 of The Dungeons of Doom. On T:19 you reached level 3 of The Dungeons of Doom. On T:25 you reached level 4 of The Dungeons of Doom. On T:31 you reached level 5 of The Dungeons of Doom. On T:37 you reached level 6 of The Dungeons of Doom. On T:44 you reached level 7 of The Dungeons of Doom. On T:50 you reached level 8 of The Dungeons of Doom. On T:56 you reached level 9 of The Dungeons of Doom. On T:63 you reached level 10 of The Dungeons of Doom. On T:70 you reached level 11 of The Dungeons of Doom. On T:76 you reached level 12 of The Dungeons of Doom. On T:77 you reached level 13 of The Dungeons of Doom. On T:85 you reached level 14 of The Dungeons of Doom. Score breakdown: Gold: 0 ( 0 points) Experience: 1 level ( 0 points) Exploration: 14 levels ( 390 points) Discoveries: 0 items ( 0 points) Variety of kills: 2 monsters ( 100 points) Major goal: (nothing yet) ( 0 points) Survival: died (score multiplied by 3) Total score: 1470 Latest messages: You continue digging downward. (4x) The dwarf zombie scratches you! You continue digging downward. You hear a distant zap. Something resists! You continue digging downward. You dig a hole through the floor. You fall through... The dwarf zombie scratches you! You start digging downward. You write in the dust with your fingers. Your paw is cramping up. You manage to get your message written, but the effort is draining. The dwarf zombie turns to flee! You continue digging downward. You dig a pit in the floor. The dwarf zombie scratches you! You continue digging downward. You hear a door open. You continue digging downward. (2x) The dwarf zombie scratches you! You die... Final status: Aloha asldbnknsd the Tourist, killed by a dwarf zombie... You died in The Dungeons of Doom on dungeon level 14 with 1470 points, and 874 pieces of gold, after 89 moves. You were level 1 with a maximum of 11 hit points when you died.